Unix NetHack Version 5.0.0-0 post-release - last build May 31 2026 23:59:36 (970b52f25bf058293b47ddfd14a1e40e571c508c,branch:main).

Game began 2026-06-05 13:58:42, ended 2026-06-05 14:34:42.

Drastanta, lawful male human Priest

                                                                            --
                                                              -- -- ----   -.-
                                                        -   ---.--.--..| --...
                                               |       .. ---..........--...
                                               -..     --.................-
                                                 |G....................f.---
                                                 --  | ------.........@....|
                                                            |........h)--*.--
                                                            ----.*.....--...|
                                                               |............--
                                                               --............--
                                                                -............<|
                                                               |.....--......--
                                                             .......- --.--..|
                                                            -.......   -- ----
                                                           -.......
                                                          -.......|
                                                         ........-
                                                         |...|.--
                                                         --.---
                                                          --
Drastanta the Acolyte        St:12 Dx:11 Co:12 In:11 Wi:18 Ch:12  Lawful
Dlvl:5  $:504 HP:0(21) Pw:27(27) AC:7  Xp:3 T:1563 

Latest messages:
 You descend the stairs.
 You swap places with your kitten.
 You find a hidden door.
 The kitten misses the wood nymph.
 You see here an empty cursed broken chest.
 The door resists!
 The door opens.
 You hear some noises in the distance.
 You hear some noises.
 The wood nymph removes your blessed +2 ring of adornment (from right hand).
 She stole a blessed +2 ring of adornment.
 The wood nymph vanishes!
 You swap places with your kitten.
 You see here a food ration.
 x - a food ration.
 $ - 3 gold pieces (504 in total).
 You swap places with your kitten.
 The door resists!
 The door opens.
 You swap places with your kitten.
 You hear the footsteps of a guard on patrol.
 What do you want to drop? [$a-ik-mo-qsuwx or ?*] <esc>
 Never mind.
 You descend the stairs.
 You swap places with your kitten.
 You swap places with your kitten.
 You hear a B flat squeak in the distance.
 The dwarf picks up 2 gems.
 You kill the gnome!
 Welcome to experience level 3.
 The gnome picks up 7 darts.
 You kill the gnome!
 The gnome hits!
 You miss the gnome.
 You kill the gnome!
 You miss the gnome.
 You kill the gnome!
 The gnome wields a thonged club!
 The gnome secures the tether on the thonged club.
 You see here a bronze plate mail.
 The dwarf wields a pick-axe!
 The gnome swings her thonged club.
 The gnome hits!
 You kill the gnome!
 The dwarf hurls a dark potion!
 The carafe crashes on your head and breaks into shards.
 The dark potion evaporates.
 This burns!
 You die...
 Do you want your possessions identified? [ynq] (y) q

Inventory:
 Coins    ('$')
  $ - 504 gold pieces
 Weapons  (')')
  a - a blessed +1 mace (weapon in right hand)
 Armor    ('[')
  c - a blessed +0 small shield (being worn)
  b - a +0 robe (being worn)
 Comestibles  ('%')
  e - a clove of garlic
  x - a food ration
  f - a sprig of wolfsbane
 Scrolls  ('?')
  q - a cursed scroll of confuse monster
  i - a scroll of earth
  p - 3 scrolls of identify
  d - a scroll of light
  k - a scroll of taming
 Spellbooks  ('+')
  l - a spellbook of blank paper
  g - a spellbook of healing
  h - a spellbook of remove curse
 Potions  ('!')
  m - a potion of speed
 Rings    ('=')
  u - a ring of stealth (on left hand)
 Tools    ('(')
  o - a can of grease (0:7)
  w - a credit card
  s - a magic marker (0:57)

Drastanta the Priest's attributes:

Background:
 You were an Acolyte, a level 3 human Priest.
 You were lawful, on a mission for Athena
 who was opposed by Hermes (neutral) and Poseidon (chaotic).
 You were right-handed.
 You were in the Gnomish Mines, on level 5.
 You entered the dungeon 1563 turns ago.
 You had 72 experience points, 8 more were needed to attain level 4.

Basics:
 You had 0 out of 21 hit points.
 You had all 27 energy points (spell power).
 Your armor class was 7.
 Your wallet contained 504 zorkmids.
 Autopickup was on for '$' plus thrown.

Final Characteristics:
 Your strength was 12 (limit:18/100).
 Your dexterity was 11 (limit:18).
 Your constitution was 12 (limit:18).
 Your intelligence was 11 (limit:18).
 Your wisdom was 18 (limit:18).
 Your charisma was 12 (limit:18).

Final Status:
 You weren't hungry.
 You were unencumbered.
 You were wielding a mace.
 You had basic skill with mace.

Final Attributes:
 You were devoutly aligned.
 You were stealthy.
 You were guarded.
 Your spell casting was enhanced by wearing a robe.
 You are dead.

Miscellaneous:
 You didn't encounter any bones levels.
 Total elapsed playing time was 35 minutes and 59 seconds.

Major events:
 Turn
    1: Drastanta the lawful human Priest entered the dungeon
 1544: entered the Gnomish Mines
 1550: attained the rank of Acolyte (level 3)
 1563: killed by a potion of acid

Spells:
 Name                 Level Category     Fail Retention
 healing                1   healing        0%  76%-100%
 remove curse           3   clerical       0%  91%-100%

Skills:
 Fighting Skills
   bare handed combat [Unskilled]
 Weapon Skills
   club               [Unskilled]
   mace               [Basic]
   morning star       [Unskilled]
   flail              [Unskilled]
   hammer             [Unskilled]
   quarterstaff       [Unskilled]
   polearms           [Unskilled]
   spear              [Unskilled]
   trident            [Unskilled]
   lance              [Unskilled]
   bow                [Unskilled]
   sling              [Unskilled]
   crossbow           [Unskilled]
   dart               [Unskilled]
   shuriken           [Unskilled]
   boomerang          [Unskilled]
   unicorn horn       [Unskilled]
 Spellcasting Skills
   healing spells     [Unskilled]
   divination spells  [Unskilled]
   clerical spells    [Basic]

Voluntary challenges:
 Character rerolling was not enabled.
 You never genocided any monsters.
 You never polymorphed an object.
 You never changed form.
 You used no wishes.
Achievements:
 You entered the Gnomish Mines.
 You attained the rank of Acolyte.

 The Dungeons of Doom: levels 1 to 4
    Level 1:
       A fountain.
    Level 2:
    Level 3:
    Level 4:
       A fountain, many trees.
       Stairs down to The Gnomish Mines.
 The Gnomish Mines:
    Level 5: <- You were here.
       Final resting place for
          you, killed by a potion of acid.


Vanquished creatures:
 an acid blob
  2 large kobolds
  5 gnomes
  a gecko
  3 jackals
  2 goblins
  2 sewer rats
  3 grid bugs
  a lichen
  2 kobold zombies
  3 newts
25 creatures vanquished.

No species were genocided or became extinct.

Game over:
                       ----------
                      /          \
                     /    REST    \
                    /      IN      \
                   /     PEACE      \
                  /                  \
                  |    Drastanta     |
                  |      504 Au      |
                  |   killed by a    |
                  |  potion of acid  |
                  |                  |
                  |                  |
                  |       2026       |
                 *|     *  *  *      | *
        _________)/\\_//(\/(/\)/\//\/|_)_______

Goodbye Drastanta the Priest...

You died in The Gnomish Mines on dungeon level 5 with 942 points,
and 504 pieces of gold, after 1563 moves.
You were level 3 with a maximum of 21 hit points when you died.

